 Dungeon Crawl Stone Soup version 0.31-a0-524-g2a164cf6a2 (webtiles) character file.

Game seed: 12671573026078220739

222 AdnanSaban the Covered (level 5, -4/33 HPs)
             Began as a Gargoyle Fighter on Aug 12, 2023.
             Slain by a wyvern (11 damage)
             ... on level 4 of the Dungeon.
             The game lasted 00:01:35 (2354 turns).

AdnanSaban the Covered (Gargoyle Fighter)           Turns: 2354, Time: 00:01:36

Health: -4/33      AC: 13    Str: 22    XL:     5   Next: 99%
Magic:  5/5        EV:  9    Int:  8    God:
Gold:   107        SH:  4    Dex:  9    Spells: 4/4 levels left

rFire   . . .        a - +0 flail
rCold   . . .        c - +0 buckler
rNeg    + . .        b - +0 scale mail
rPois   ∞            q - +0 helmet
rElec   +            (no cloak)
rCorr   .            (no gloves)
SInv    .            p - +0 pair of boots
Will    .....        (no amulet) Stlth
                     (no ring)
HPRegen 0.25/turn    (no ring)
MPRegen 0.09/turn

%: no passive effects
@: no status effects
A: sickness immunity, AC +4, negative energy resistance 1, electricity
resistance, torment resistance 1, petrification resistance
a: no special abilities


You were on level 4 of the Dungeon.
You visited 1 branch of the dungeon, and saw 4 of its levels.

You collected 107 gold pieces.

Inventory:

Hand Weapons
 a - a +0 flail (weapon)
Missiles
 e - 3 boomerangs
Armour
 b - a +0 scale mail (worn)
 c - a +0 buckler (worn)
 p - a +0 pair of boots (worn)
 q - a +0 helmet (worn)
Jewellery
 k - a ring of wizardry
Scrolls
 f - 3 scrolls of identify {unknown}
 g - 3 scrolls of fog {unknown}
 j - 3 scrolls of enchant weapon {unknown}
 l - a scroll of teleportation {unknown}
 m - a scroll of revelation {unknown}
 n - a scroll of blinking {unknown}
 o - a scroll of enchant armour {unknown}
 r - a scroll of silence {unknown}
Potions
 d - a potion of might
 h - 2 potions of curing {unknown}
 i - a potion of enlightenment {unknown}


   Skills:
 + Level 3.9 Fighting
 + Level 4.1 Maces & Flails
 + Level 4.3 Armour
 + Level 1.1 Dodging
 + Level 0.4 Stealth
 + Level 4.1 Shields


You had 4 spell levels left.
You didn't know any spells.
Your spell library contained the following spells:

 Spells                   Type           Power      Damage    Failure   Level
 Ignite Poison            Fire/Tmut/Pois 0%         N/A       99%         3
 Sticky Flame             Conj/Fire      0%         2d3       100%        4
 Ignition                 Fire           0%         3d3       100%        8


Dungeon Overview and Level Annotations

Branches:
Dungeon (4/15)
 Temple: D:4-7

Altars:
Gozag

Annotations:
D:4 Menkaure


Innate Abilities, Weirdness & Mutations

You are immune to sickness and miasma.
Your stone body is resilient. (AC +4)
You are immune to poison.
You resist negative energy. (rN+)
You are resistant to electric shocks. (rElec)
You are resistant to unholy torment.
You are immune to petrification.


Message History

You hit the wyvern but do no damage. The wyvern bites you.
You barely miss the wyvern. The wyvern completely misses you.
The wyvern barely misses you.
You closely miss the wyvern. The wyvern bites you. x2
You hit the wyvern but do no damage. The wyvern bites you. x2
You are too injured to fight recklessly!
You are too injured to fight recklessly!
You are too injured to fight recklessly!
You are too injured to fight recklessly!
You are too injured to fight recklessly!
You are too injured to fight recklessly!
You are too injured to fight recklessly!
You are too injured to fight recklessly!
You are too injured to fight recklessly!
You are too injured to fight recklessly!
You are too injured to fight recklessly!
You are too injured to fight recklessly!
You are too injured to fight recklessly!
You are too injured to fight recklessly!
You are too injured to fight recklessly!
You are too injured to fight recklessly!
You are too injured to fight recklessly!
You are too injured to fight recklessly!
You are too injured to fight recklessly!
You are too injured to fight recklessly!
You hit the wyvern.
The wyvern is lightly wounded.
The wyvern bites you but does no damage. x2
You closely miss the wyvern.
The wyvern is lightly wounded.
The wyvern barely misses you. x2
You hit the wyvern.
The wyvern is lightly wounded.
The wyvern bites you but does no damage.
You closely miss the wyvern.
The wyvern is lightly wounded.
The wyvern bites you!
* * * LOW HITPOINT WARNING * * *
The wyvern bites you!
You die...

#........##.#.#
###########)..#######
#..........
#....)##.##
#....##...##
##.###.....##
#.##.......#
#......_....
####@......#
##l....## #...## #.##
... ###


You could see a wyvern.

Vanquished Creatures
  Sigmund (D:4)
  2 adders
  2 worms
  A dart slug (D:1)
  An orc (D:3)
  8 ball pythons
  5 bats
  3 endoplasms (D:2)
  A giant cockroach (D:2)
  2 goblins (D:1)
  3 hobgoblins
  2 jackals (D:3)
  3 kobolds
  4 quokkas
  A frilled lizard (D:2)
  5 rats
44 creatures vanquished.

Notes
Turn   | Place    | Note
-------+----------+-------------------------------------------
     0 | D:1      | AdnanSaban the Gargoyle Fighter began the quest for the
                  | Orb.
     0 | D:1      | Reached XP level 1. HP: 14/14 MP: 1/1
   345 | D:1      | Reached XP level 2. HP: 19/19 MP: 2/2
  1066 | D:2      | Reached XP level 3. HP: 23/23 MP: 3/3
  1078 | D:2      | Found a faded altar of an unknown god.
  1845 | D:3      | Reached XP level 4. HP: 25/28 MP: 4/4
  2310 | D:4      | Noticed Menkaure
  2327 | D:4      | Noticed Sigmund
  2335 | D:4      | Killed Sigmund
  2336 | D:4      | Reached skill level 1 in Dodging
  2336 | D:4      | Reached XP level 5. HP: 33/33 MP: 5/5
  2342 | D:4      | Found an opulent altar of Gozag.
  2345 | D:4      | Noticed a wyvern
  2354 | D:4      | Slain by a wyvern

Illustrated notes

Levels and vault maps discovered:
D:1:      heliophobic_arrival_enchanted_forest, layout_basic, minmay_tromino_v2
D:2:      layout_rooms, basic_ecumenical_altar, chequers_serial_rivers_large_a,
          nrook_mini_vaults
D:3:      layout_rooms
D:4:      layout_rooms, lemuel_round_altar, gup_sewer_entry_bowl,
          grunt_ministairs_7, uniq_pikel, uniq_sigmund, uniq_menkaure

Skill      XL: |  1  2  3  4 |
---------------+-------------+-----
Maces & Flails | 4 |  4.1
Armour         | 4 |  4.3
Dodging        | 1 |  1.1
Shields        | 4 |  4.1
Fighting       | |  3.9
Stealth        | |  0.4

Action                     |  1- 3 |  4- 6 || total
---------------------------+-------+-------++-------
  Melee: Flail             |   116 |    34 ||   150
 Armour: Scale mail        |    64 |    13 ||    77
  Dodge: Dodged            |    55 |    11 ||    66
  Block: Buckler           |    32 |     3 ||    35

Table legend: (Time is in decaauts)
 A = Elapsed time spent in this place.
 B = Non-inter-level travel time spent in this place.
 C = Inter-level travel time spent in this place.
 D = Time resting spent in this place.
 E = Time spent auto-exploring this place.
 F = Levels seen in this place.
 G = Mean time per level.
                   A        B        C        D        E       F      G
               +--------+--------+--------+--------+--------+-----+--------+
         Total |   2409 |   2218 |    191 |      0 |   1831 |   4 |  602.2 |
       Dungeon |   2409 |   2218 |    191 |      0 |   1831 |   4 |  602.2 |
               +--------+--------+--------+--------+--------+-----+--------+

Top non-repeatable levels by time:
     D:1: 983 daAuts
     D:2: 774 daAuts
     D:3: 616 daAuts
     D:4: 34 daAuts
